 Dungeon Crawl Stone Soup version 0.31-a0-532-g28f74ba3e5 (webtiles) character file.

Game seed: 7932518042619156962

572 duskshroud the Cleaver (level 7, 0/64 HPs)
             Began as a Minotaur Berserker on Aug 12, 2023.
             Was a Priest of Trog.
             Slain by a killer bee (5 damage)
             ... on level 4 of the Dungeon.
             The game lasted 00:04:19 (2044 turns).

duskshroud the Cleaver (Minotaur Berserker)         Turns: 2044, Time: 00:04:19

Health: 0/64       AC: 12    Str: 21    XL:     7   Next: 12%
Magic:  6/6        EV:  6    Int:  4    God:    Trog [***...]
Gold:   171        SH:  0    Dex: 12    Spells: 6/6 levels left

rFire   . . .        a - +0 hand axe
rCold   . . .        (no shield)
rNeg    . . .        i - +0 plate armour
rPois   .            (helmet restricted)
rElec   .            (no cloak)
rCorr   .            u - +0 pair of gloves
SInv    .            (no boots)
Will    .....        (no amulet) Stlth
                     (no ring)
HPRegen 0.30/turn    (no ring)
MPRegen 0.10/turn

%: no passive effects
@: on berserk cooldown, slowed, very slow
A: horns 2, retaliatory headbutt
a: Renounce Religion, Berserk, Trog's Hand


You were on level 4 of the Dungeon.
You worshipped Trog.
Trog was most pleased with you.
You visited 1 branch of the dungeon, and saw 4 of its levels.

You collected 171 gold pieces.

Inventory:

Hand Weapons
 a - a +0 hand axe (weapon)
Missiles
 d - 5 poisoned darts
 h - 3 curare-tipped darts
Armour
 i - a +0 plate armour (worn)
 u - a +0 pair of gloves (worn)
Scrolls
 e - a scroll of blinking {unknown}
 f - 2 scrolls of immolation {unknown}
 g - a scroll of brand weapon {unknown}
 l - 4 scrolls of identify {unknown}
 m - a scroll of revelation {unknown}
 n - a scroll of torment {unknown}
 q - a scroll of vulnerability {unknown}
 s - 4 scrolls of teleportation {unknown}
 t - a scroll of fog {unknown}
Potions
 b - 2 potions of attraction {unknown}
 c - 3 potions of curing {unknown}
 j - a potion of lignification {unknown}
 k - 2 potions of brilliance {unknown}
 o - 2 potions of heal wounds {unknown}
 p - a potion of invisibility {unknown}
 r - a potion of enlightenment {unknown}


   Skills:
 + Level 6.4 Fighting
 * Level 8.3 Axes
 - Level 2.4 Armour
 - Level 2.1 Dodging


You had 6 spell levels left.
You didn't know any spells.
Your spell library was empty.

Dungeon Overview and Level Annotations

Branches:
Dungeon (4/15)
 Temple: D:4-7

Altars:
Dithmenos
Fedhas
Nemelex Xobeh
Qazlal
Uskayaw
Xom


Innate Abilities, Weirdness & Mutations

You have a pair of horns on your head.
You reflexively headbutt those who attack you in melee.


Message History

You slash the killer bee!
You kill the killer bee!
Trog accepts your kill.
You are no longer berserk.
You are exhausted.
You feel yourself slow down.
The orc priest looks braver for a moment.
You barely miss the orc. Your headbutt misses the orc.
You feel sick. The orc barely misses you.
You hit the orc.
The orc is severely wounded.
You feel sick. The orc barely misses you. You furiously retaliate!
You headbutt the orc.
You kill the orc!
Trog accepts your kill. The orc hits you with a +0 hand axe.
* * * LOW HITPOINT WARNING * * *
You hit the orc.
The orc is lightly wounded.
You feel sick.
You are no longer poisoned.
The orc barely misses you. You furiously retaliate!
You headbutt the orc!
You kill the orc!
Trog accepts your kill.
You hit the orc. You headbutt the orc.
You kill the orc!
Trog accepts your kill.
The orc priest mumbles some strange prayers to Beogh against you.
Beogh smites you!
* * * LOW HITPOINT WARNING * * *
The killer bee stings you but does no damage.
You slash the killer bee!
The killer bee is heavily wounded.
The killer bee stings you but does no damage. x3
You hit the killer bee.
The killer bee is heavily wounded.
The killer bee stings you.
* * * LOW HITPOINT WARNING * * *
The killer bee stings you.
You die...

.##.####..#.#
..........#.#
###.#####.#.#
###.#.#.#
$..#.#
#.#####.#.#
..........#
.#####.###
#@# #y# .o.
...## .....
......
#######


You could see a killer bee and an orc priest.

Vanquished Creatures
  Grinder (D:3)
  5 killer bees (D:4)
  A sleepcap (D:3)
  4 adders
  A worm (D:2)
  A dart slug (D:3)
  5 orcs
  2 endoplasms
  5 giant cockroaches
  9 goblins
  6 hobgoblins
  10 jackals
  2 quokkas
  6 ball pythons
  8 bats
  3 frilled lizards
  10 kobolds
  6 rats
85 creatures vanquished.

Notes
Turn   | Place    | Note
-------+----------+-------------------------------------------
     0 | D:1      | duskshroud the Minotaur Berserker began the quest for the
                  | Orb.
     0 | D:1      | Reached XP level 1. HP: 19/19 MP: 0/0
    54 | D:1      | Reached skill level 4 in Axes
    90 | D:1      | Reached XP level 2. HP: 22/27 MP: 1/1
   377 | D:1      | Reached ** piety under Trog
   554 | D:2      | Reached XP level 3. HP: 33/33 MP: 2/2
   632 | D:2      | Reached skill level 5 in Axes
  1114 | D:2      | Reached XP level 4. HP: 28/41 MP: 3/3
  1221 | D:3      | Noticed Grinder
  1228 | D:3      | Killed Grinder
  1229 | D:3      | Reached skill level 5 in Fighting
  1229 | D:3      | Reached skill level 7 in Axes
  1229 | D:3      | Reached XP level 5. HP: 49/49 MP: 4/4
  1229 | D:3      | Reached XP level 6. HP: 56/56 MP: 5/5
  1409 | D:3      | Found a shimmering altar of Xom.
  1417 | D:3      | Found a stormy altar of Qazlal.
  1417 | D:3      | Found a blossoming altar of Fedhas.
  1417 | D:3      | Found a hide-covered altar of Uskayaw.
  1418 | D:3      | Found a shadowy altar of Dithmenos.
  1421 | D:3      | Found a sparkling altar of Nemelex Xobeh.
  1728 | D:3      | Reached *** piety under Trog
  2034 | D:4      | Reached skill level 8 in Axes
  2034 | D:4      | Reached XP level 7. HP: 37/64 MP: 6/6
  2044 | D:4      | Slain by a killer bee

Illustrated notes

Levels and vault maps discovered:
D:1:      lightli_molten_gateway, layout_rooms, grunt_decor_resistance,
          st_stairs_2
D:2:      layout_loops_ring
D:3:      layout_basic, minitemple, chequers_decorated_corner,
          hangedman_decor_growths, patterned_corridor, uniq_grinder
D:4:      layout_basic, minmay_misc_feat_plants, grunt_ministairs_6,
          bh_walls_and_bars, uniq_natasha

Skill      XL: |  1  2  3  4  5  6 |
---------------+-------------------+-----
Axes           | 4 5 7 8 |  8.3
Fighting       | 4 5 6 |  6.4
Armour         | |  2.4
Dodging        | |  2.1

Action                     |  1- 3 |  4- 6 |  7- 9 || total
---------------------------+-------+-------+-------++-------
  Melee: Hand axe          |   110 |    81 |    11 ||   202
         Headbutt          |    10 |    14 |     1 ||    25
         Punch             |       |     2 |       ||     2
 Invoke: Berserk           |       |     3 |       ||     3
 Armour: Animal skin       |     2 |       |       ||     2
         Leather armour    |    10 |       |       ||    10
         Plate armour      |    33 |    49 |     7 ||    89
  Dodge: Dodged            |    67 |    29 |     3 ||    99

Table legend: (Time is in decaauts)
 A = Elapsed time spent in this place.
 B = Non-inter-level travel time spent in this place.
 C = Inter-level travel time spent in this place.
 D = Time resting spent in this place.
 E = Time spent auto-exploring this place.
 F = Levels seen in this place.
 G = Mean time per level.
                   A        B        C        D        E       F      G
               +--------+--------+--------+--------+--------+-----+--------+
         Total |   2062 |   2009 |     53 |    176 |   1387 |   4 |  515.5 |
       Dungeon |   2062 |   2009 |     53 |    176 |   1387 |   4 |  515.5 |
               +--------+--------+--------+--------+--------+-----+--------+

Top non-repeatable levels by time:
     D:2: 739 daAuts
     D:3: 668 daAuts
     D:1: 547 daAuts
     D:4: 106 daAuts
